AoeStats
← TopDogThor

Lombardia

509238416Analyzed
4v4 RM · 6d ago on Sep 26, 2026· 72m 1s· 8 players
Game mode
Random Map
Map size
Large (8 player)
Population
200
Speed
Normal
Resources
Standard
Victory
Conquest
Starting age
Dark Age
Ending age
Imperial Age
RankedLock teamsTeams togetherTeam positionsShared explorationLock speedFull tech treeHidden civsTurbo modeCheats
Victory
Defeat
🇺🇸 Sicilians · United States
1258
+14
🇺🇸 Persians · United States
1257
+14
🇺🇸 Hindustanis · United States
1253
+14
🇺🇸 Burgundians · United States
1188
+17
🇨🇱 Khitans · Chile
1274
-17
🇵🇪 Bengalis · Peru
1220
-15
🇵🇪 Mongols · Peru
1201
-14
🇦🇷 Danes · Argentina
1162
-13
frame mogging the moids
13:22 Feudal Age
20:11 Castle Age
20:17 Cavalier
21:00 Husbandry
24:00 Scale Barding Armor
24:05 Forging
23:50 Gold Mining
27:54 Double-Bit Axe
27:53 Horse Collar
31:13 Stone Mining
32:00 Gold Shaft Mining
31:27 Heavy Plow
31:38 Bow Saw
36:41 Wheelbarrow
45:19 Hand Cart
48:13 Chain Barding Armor
48:28 Iron Casting
50:32 Stone Shaft Mining
53:56 Imperial Age
53:05 Burgundian Vineyards
56:25 Chemistry
54:56 Light Cavalry
56:46 Plate Barding Armor
56:46 Iron Casting
56:14 Padded Archer Armor
57:35 Two-Man Saw
57:07 Crop Rotation
57:20 Conscription
57:51 Caravan
57:22 Hussar
59:37 Leather Archer Armor
67:54 Blast Furnace
67:43 Elite Skirmisher
68:17 Fletching
Party Cannon
8:57 Loom
11:16 Feudal Age
12:01 Horse Collar
13:06 Bloodlines
13:00 Double-Bit Axe
15:54 Loom
16:46 Forging
19:32 Castle Age
17:51 Gold Mining
18:14 Fletching
18:56 Loom
19:47 Wheelbarrow
20:31 Bodkin Arrow
21:18 Husbandry
22:29 Padded Archer Armor
26:27 Ballistics
28:20 Leather Archer Armor
28:24 Heavy Plow
31:30 Hand Cart
32:33 Iron Casting
32:13 Bow Saw
35:55 Gold Shaft Mining
35:11 Stone Mining
38:31 Imperial Age
35:47 Town Watch
36:13 Scale Barding Armor
37:44 Chain Barding Armor
38:34 Cavalier
39:51 Plate Barding Armor
40:03 Conscription
40:52 Blast Furnace
41:23 Hauberk
41:36 Light Cavalry
44:51 Bracer
44:17 Elite Skirmisher
44:21 Cranequins
46:25 Heavy Mounted Crossbowman
48:45 Chemistry
47:51 Pikeman
48:32 Squires
48:17 Arson
48:34 Scale Mail Armor
53:55 Crop Rotation
53:58 Caravan
53:33 Capped Ram
55:13 Chain Mail Armor
54:27 Halberdier
58:31 Plate Mail Armor
60:31 Siege Ram
68:21 Murder Holes
GeneralDavid51
4:57 Loom
12:25 Feudal Age
14:44 Double-Bit Axe
14:40 Horse Collar
18:07 Castle Age
20:17 Heavy Plow
20:28 Bow Saw
21:46 Stone Mining
23:30 Gold Mining
25:11 Gold Shaft Mining
26:29 Stone Shaft Mining
27:13 Wheelbarrow
28:51 Hand Cart
32:08 Imperial Age
29:54 Bloodlines
29:44 Husbandry
30:06 Grand Trunk Road
32:24 Forging
32:19 Scale Barding Armor
33:26 Conscription
33:34 Town Watch
34:23 Chain Barding Armor
34:38 Iron Casting
33:35 Heavy Camel Rider
36:06 Masonry
35:35 Imperial Camel Rider
38:00 Two-Man Saw
38:02 Plate Barding Armor
38:27 Blast Furnace
40:16 Light Cavalry
42:35 Caravan
42:12 Hussar
44:38 Town Patrol
45:33 Hoardings
56:23 Fletching
56:33 Padded Archer Armor
58:49 Chemistry
58:11 Ballistics
57:54 Shatagni
57:53 Bodkin Arrow
58:13 Leather Archer Armor
59:12 Bracer
59:27 Leather Archer Armor
61:09 Murder Holes
61:57 Thumb Ring
71:04 Siege Engineers
71:34 Ring Archer Armor
TopDogThor
10:02 Feudal Age
10:39 Horse Collar
13:17 Loom
18:07 Forging
20:34 Wheelbarrow
21:13 Scale Barding Armor
21:41 Double-Bit Axe
24:40 Castle Age
22:57 Bloodlines
22:39 Gold Mining
26:07 Iron Casting
26:04 Husbandry
34:41 Chain Barding Armor
35:17 Hand Cart
39:21 Gold Shaft Mining
40:14 Bow Saw
42:43 Imperial Age
42:30 Heavy Plow
42:33 Cavalier
43:53 Plate Barding Armor
44:18 Blast Furnace
44:41 Conscription
45:50 Savar
52:30 Caravan
53:00 Light Cavalry
57:03 Stone Mining
59:59 Hussar
61:22 Crop Rotation
Loco Saiti
5:13 Loom
9:17 Feudal Age
9:48 Double-Bit Axe
10:39 Domestication
14:04 Forging
16:17 Scale Barding Armor
20:58 Wheelbarrow
24:00 Castle Age
23:02 Gold Mining
25:01 Chain Barding Armor
24:04 Light Cavalry
25:00 Bow Saw
24:56 Husbandry
29:50 Iron Casting
34:13 Pastoralism
39:22 Imperial Age
37:46 Fletching
37:56 Padded Archer Armor
38:01 Heavy Cavalry Archer
38:46 Thumb Ring
39:20 Lamellar Armor
39:46 Leather Archer Armor
41:33 Parthian Tactics
41:52 Heavy Camel Rider
42:54 Bodkin Arrow
44:33 Plate Barding Armor
47:04 Scale Mail Armor
48:15 Chain Mail Armor
48:21 Pikeman
49:01 Squires
50:14 Hand Cart
51:59 Hussar
53:31 Gambesons
54:55 Conscription
55:09 Ordo Cavalry
57:44 Plate Mail Armor
58:38 Bracer
60:22 Ring Archer Armor
60:10 Caravan
64:16 Chemistry
Valhalin
10:37 Feudal Age
13:13 Loom
15:53 Castle Age
13:49 Double-Bit Axe
14:34 Horse Collar
20:29 Wheelbarrow
26:06 Bow Saw
26:18 Scale Mail Armor
27:10 Squires
27:30 Town Watch
30:07 Chain Mail Armor
30:42 Forging
33:05 Iron Casting
37:59 Murder Holes
40:50 Hand Cart
40:39 Gambesons
40:40 Arson
42:56 Pikeman
45:17 Hamask
50:36 Imperial Age
50:40 Halberdier
51:59 Plate Mail Armor
52:30 Blast Furnace
52:59 Conscription
52:50 Elite Varangian Guard
59:45 Heavy Plow
64:29 Fletching
King Helmet
8:40 Loom
11:33 Feudal Age
15:53 Castle Age
13:58 Double-Bit Axe
14:47 Horse Collar
17:19 Bow Saw
18:16 Heavy Plow
19:15 Fletching
20:27 Town Watch
21:37 Bodkin Arrow
25:08 Gold Mining
25:57 Padded Archer Armor
29:04 Stone Mining
29:54 Wheelbarrow
29:23 Town Patrol
29:51 Paiks
32:46 Imperial Age
32:02 Ballistics
33:26 Scale Barding Armor
33:32 Forging
33:38 Leather Archer Armor
33:37 Bloodlines
33:28 Husbandry
35:04 Two-Man Saw
34:24 Hand Cart
34:36 Conscription
35:00 Light Cavalry
35:55 Bracer
35:56 Elite Ratha (Ranged)
39:18 Chemistry
41:28 Caravan
43:43 Chain Barding Armor
44:00 Iron Casting
44:00 Ring Archer Armor
43:31 Scale Mail Armor
46:57 Mahayana
48:34 Blast Furnace
48:09 Plate Barding Armor
48:47 Gold Shaft Mining
51:20 Pikeman
52:01 Squires
51:46 Arson
52:19 Chain Mail Armor
52:38 Halberdier
60:05 Coinage
59:45 Guilds
61:32 Man-at-Arms
61:57 Gambesons
62:10 Long Swordsman
63:37 Two-Handed Swordsman
64:18 Champion
65:48 Banking
EL CHANCHO 3026
10:14 Feudal Age
12:09 Loom
15:10 Castle Age
14:33 Double-Bit Axe
16:07 Bow Saw
23:37 Bloodlines
23:28 Husbandry
24:18 Scale Barding Armor
25:56 Forging
28:04 Chain Barding Armor
30:57 Wheelbarrow
31:44 Iron Casting
34:24 Gold Mining
34:27 Stone Mining
37:23 Imperial Age
35:49 Fletching
36:09 Town Watch
36:47 Hand Cart
36:50 Bodkin Arrow
36:47 Horse Collar
38:03 Padded Archer Armor
38:54 Conscription
41:34 Chemistry
40:55 Ballistics
41:19 Stone Shaft Mining
40:39 Light Cavalry
42:09 Bracer
42:27 Elite Mangudai
49:28 Leather Archer Armor
50:15 Blast Furnace
49:33 Hussar
51:44 Gold Shaft Mining
52:29 Scale Mail Armor
53:14 Parthian Tactics
52:40 Capped Ram
54:23 Heavy Camel Rider
55:43 Caravan
59:38 Thumb Ring
60:03 Heavy Plow
59:40 Siege Ram
61:14 Heavy Scorpion
63:42 Siege Engineers
64:02 Drill
64:16 Coinage
65:40 Chain Mail Armor
65:32 Nomads
66:20 Banking
66:14 Elite Steppe Lancer
70:13 Crossbowman
Connection lost

Rejoining the realm…

Still unreachable

The connection could not be restored.

Session expired

The server has moved on; the page needs a fresh start.